 Dungeon Crawl Stone Soup version 0.17.1-2-g5865329 (webtiles) character file.

74 FenixFunk the Ruffian (level 4, 0/23 HPs)
             Began as a Vine Stalker Gladiator on Jan 21, 2016.
             Slain by a gnoll
             ... wielding a +1 antimagic whip
              (4 damage)
             ... on level 2 of the Dungeon.
             The game lasted 00:04:29 (1066 turns).

FenixFunk the Ruffian (Vine Stalker Gladiator)      Turns: 1066, Time: 00:04:29

Health: 0/23       AC:  7    Str: 19    XL:     4   Next: 28%
Magic:  0/5        EV: 12    Int: 13    God:
Gold:   35         SH:  0    Dex: 14    Spells: 0 memorised, 3 levels left

rFire  . . .     SeeInvis +       - Unarmed
rCold  . . .     Clarity  .     a - +0 leather armour
rNeg   . . .     SustAt   .     (no shield)
rPois  .         Gourm    .     l - +0 helmet {SInv}
rElec  .         Spirit   +     o - +0 cloak
rCorr  .         Warding  .     (no gloves)
rMut   .         Stasis   .     g - +1 pair of boots
MR     .....                    m - amulet of rage
Stlth  +.........               (no ring)
                                (no ring)

@: brilliant, not resistant to hostile enchantments, very unstealthy
A: fangs 2, regeneration 1, magic shield, antimagic bite, no device heal 3, rot
immunity
a: Evoke Berserk Rage


You were on level 2 of the Dungeon.
You were hungry.

You visited 1 branch of the dungeon, and saw 3 of its levels.

You collected 35 gold pieces.

Inventory:

Missiles
 c - 3 throwing nets (quivered)
Armour
 a - a +0 leather armour (worn)
 b - a +0 helmet
 g - a +1 pair of boots (worn)
 l - a +0 helmet of see invisible (worn)
 o - a +0 cloak (worn)
Jewellery
 j - a +4 ring of evasion {unknown}
 m - an amulet of rage (around neck)
Scrolls
 k - 2 scrolls of remove curse
 p - a scroll of enchant weapon
 q - a scroll of recharging
Potions
 e - a potion of brilliance
 f - a potion of lignification {unknown}
 h - a potion of heal wounds {unknown}
 i - a potion of cure mutation {unknown}
 n - a potion of degeneration {unknown}
Comestibles
 d - 2 bread rations
 s - a beef jerky


   Skills:
 - Level 1.7 Fighting
 - Level 1.7 Throwing
 - Level 0.2 Armour
 - Level 2.4 Dodging
 * Level 4.6 Unarmed Combat
 + Level 1.1 Evocations


You had 3 spell levels left.
You didn't know any spells.

Dungeon Overview and Level Annotations

Branches:
Dungeon (3/15)

Altars:
Zin

Shops:
D:2 *


Innate Abilities, Weirdness & Mutations

You have extremely sharp teeth.
Your natural rate of healing is unusually fast.
When hurt, damage is shared between your health and your magic reserves.
Your bite disrupts and absorbs the magic of your enemies.
Potions and wands cannot restore your health.
You are immune to rotting.


Message History

The giant cockroach barely misses you. The gnoll hits you with a club!
You barely miss the gnoll.
The gnoll is heavily wounded.
The gnoll barely misses you.
The giant cockroach bites you but does no damage.
A gnoll comes into view. It is wielding a spear.
The gnoll hits you with a club.
The giant cockroach bites you but does no damage.
There is a stone staircase leading up here.
The gnoll hits you with an antimagic whip.
The gnoll hits you with a club.
* * * LOW HITPOINT WARNING * * *
The giant cockroach bites you but does no damage.
You climb upwards.
There is a stone staircase leading down here.
Drink which item? (? for menu, Esc to quit)
It was a potion of brilliance.
You feel clever all of a sudden.
The gnoll hits you with an antimagic whip.
You die...

#######
#.....#########
#.....#.[.....#
###.....#.......#
.##.....#.......#
.##.....#......s##
.++.....'.......@#
.##.....#......gg#
.##.....#........#
.########........#
.### ####........#
...# #......####.#
##+###.####.# #.#
.......# #.# #.#
.......# #.# #.#


You could see 2 gnolls and a giant cockroach.

Vanquished Creatures
  Jessica (D:2)
  A gnoll (D:3)
  An adder (D:2)
  A giant gecko (D:2)
  2 giant cockroaches
  2 goblins
  2 hobgoblins
  4 jackals (D:1)
  A quokka (D:2)
  A ball python (D:3)
  3 bats
  3 kobolds
  7 rats
29 creatures vanquished.

Notes
Turn   | Place    | Note
--------------------------------------------------------------
     0 | D:1      | FenixFunk the Vine Stalker Gladiator began the quest for the Orb.
     0 | D:1      | Reached XP level 1. HP: 11/11 MP: 2/2
   139 | D:1      | Reached XP level 2. HP: 13/15 MP: 3/3
   462 | D:2      | Noticed Jessica
   470 | D:2      | Killed Jessica
   470 | D:2      | Reached skill level 4 in Unarmed Combat
   470 | D:2      | Reached XP level 3. HP: 18/18 MP: 4/4
   605 | D:2      | Found Zin's Purification Station.
   608 | D:2      | Found a glowing silver altar of Zin.
   625 | D:2      | Reached skill level 1 in Evocations
   792 | D:2      | Reached XP level 4. HP: 23/23 MP: 5/5
  1066 | D:2      | Slain by a gnoll

Action                   |  1- 3 |  4- 6 || total
-------------------------+-------+-------++-------
Melee: Unarmed           |    61 |    20 ||    81
  Use: Scroll            |     5 |     2 ||     7
       Potion            |       |     1 ||     1
 Stab: Sleeping          |     2 |       ||     2
